 Dungeon Crawl Stone Soup version 0.30-a0-49-g1cef19eb02 (webtiles) character file.

Game seed: 6250424973235255778

283 scionoferis the Slasher (level 6, -8/57 HPs)
             Began as a Naga Warper on Sept 2, 2022.
             Killed by an exploding lemure (30 damage)
             ... ignited by their inner flame
             ... on level 5 of the Dungeon.
             The game lasted 00:06:39 (2680 turns).

scionoferis the Slasher (Naga Warper)               Turns: 2680, Time: 00:06:41

Health: -8/57      AC:  6    Str: 13    XL:     6   Next: 28%
Magic:  9/9        EV:  9    Int: 13    God:
Gold:   185        SH:  0    Dex: 13    Spells: 7/9 levels left

rFire   . . .      SeeInvis +    b - +2 dagger (flame)
rCold   . . .      Faith    .    (no shield)
rNeg    . . .      Spirit   .    j - +0 leather armour
rPois   +          Reflect  .    q - +2 helmet {SInv}
rElec   .          Harm     .    (no cloak)
rCorr   +          Rampage  .    (no gloves)
Will    .....                    (no barding)
Stlth   +.........               (no amulet)
HPRegen 0.19/turn                o - ring of resist corrosion
MPRegen 0.11/turn                (no ring)

@: very slow
A: AC +2, large, see invisible, deformed body, poison resistance, slowness 2,
spit poison 1, naga tail 1
a: Spit Poison


You were on level 5 of the Dungeon.
You visited 1 branch of the dungeon, and saw 4 of its levels.

You collected 185 gold pieces.

Inventory:

Hand Weapons
 a - a +0 falchion
 b - a +2 dagger of flaming (weapon)
Missiles
 d - 6 boomerangs of dispersal (quivered)
Armour
 j - a +0 leather armour (worn)
 q - a +2 helmet of see invisible (worn)
Jewellery
 o - a ring of resist corrosion (left hand)
Scrolls
 c - a scroll of blinking
Potions
 e - 2 potions of curing
 g - 2 potions of brilliance
 h - 2 potions of lignification {unknown}
 i - a potion of magic {unknown}
 k - a potion of flight {unknown}
 m - a potion of mutation {unknown}


   Skills:
 + Level 4.0 Fighting
 * Level 5.3 Long Blades
 - Level 0.8 Throwing
 - Level 0.7 Armour
 - Level 1.5 Dodging
 - Level 2.0 Spellcasting
 - Level 3.0 Translocations


You had 7 spell levels left.
You knew the following spells:

 Your Spells              Type           Power      Damage    Failure   Level
a - Blink                 Tloc           18%        N/A       14%         2

Your spell library contained the following spells:

 Spells                   Type           Power      Damage    Failure   Level
 Gell's Gravitas          Tloc           9%         N/A       28%         3
 Lesser Beckoning         Tloc           9%         N/A       28%         3
 Teleport Other           Tloc           9%         N/A       28%         3
 Freeze                   Ice            4%         1d3       32%         1
 Frozen Ramparts          Ice            2%         1d1       67%         3
 Manifold Assault         Tloc           9%         N/A       95%         5
 Hailstorm                Conj/Ice       1%         3d3       97%         4


Dungeon Overview and Level Annotations

Branches:
Dungeon (3/15)

Altars:
Trog

Annotations:
D:3 3 runed translucent doors, Jeffwins's ghost, amateur HuWn
D:5 Pikel


Innate Abilities, Weirdness & Mutations

Your serpentine skin is tough. (AC +2)
You have supernaturally acute eyesight. (SInv)
Armour fits poorly on your strangely shaped body.
Your system is resistant to poisons. (rPois)
You cover ground very slowly.
You can spit poison.
You have a snake-like lower body.


Message History

As you read the scroll labelled ZOMPEC KIPALUE, it crumbles to dust.
It is a scroll of enchant weapon.
Your +1 dagger of flaming glows red for a moment.
Menkaure calls on the powers of darkness!
The adder convulses!
Flame seeps out of the adder.
Your body is wracked with pain!
The adder is engulfed in blazing flames.
The adder explodes!
The fiery explosion engulfs the lemure!!
That felt strangely unrewarding.
The fiery explosion engulfs the lemure!
Flame seeps out of the lemure.
The lemure is heavily wounded.
The fiery explosion engulfs Menkaure!!
Menkaure is burned terribly!
You destroy Menkaure!
The lemure explodes!
The fiery explosion engulfs the phantom!!!
You destroy the phantom!
The black bear bites you but does no damage.
The black bear barely misses you. x2
The lemure is engulfed in blazing flames.
Flame seeps out of the lemure.
The lemure hits you.
You hear a bark!
Your Fighting skill increases to level 4!
Your Long Blades skill gained 2 levels and is now at level 5!
You have reached level 5!
You have reached level 6!
Your skin feels tougher.
Unknown command.
Throw: 7 boomerangs (disperse)
Press: ? - help, Q - select action, (/) - cycle Shift-Dir - straight line, f - black bear
Aim: a black bear (inner flame, 67% to hit)
You throw a boomerang of dispersal.
The boomerang of dispersal hits the black bear.
Flame seeps out of the black bear.
The black bear blinks!
The black bear is lightly wounded.
The lemure is engulfed in blazing flames.
That felt strangely unrewarding.
The lemure explodes!
The fiery explosion engulfs you!!
Ouch! That really hurt!
You die...

#### #...##
#.....#
###.......#
#.#.......#
#§@.......#
#§#○.....#
##○##.....###.
#§§#...........
#.§............
#..K#.5.......?.
#...##..h......
#..####W....... .
.........K#(##...


You could see Pikel and a black bear (inner flame).

Vanquished Creatures
  Menkaure (D:5)
  2 lemures (D:5)
  A phantom (D:5)
  Robin (D:3)
  3 adders
  2 dart slugs
  An orc (D:3)
  A bat (D:2)
  6 endoplasms
  3 giant cockroaches (D:1)
  11 goblins
  6 hobgoblins
  4 quokkas
  A ball python (D:1)
  3 kobolds
  5 rats
51 creatures vanquished.

Vanquished Creatures (others)
  A fungus (D:2)
  4 plants (D:2)
5 creatures vanquished.

Grand Total: 56 creatures vanquished

Notes
Turn   | Place    | Note
-------+----------+-------------------------------------------
     0 | D:1      | scionoferis the Naga Warper began the quest for the Orb.
     0 | D:1      | Reached XP level 1. HP: 19/19 MP: 3/3
   276 | D:1      | Reached XP level 2. HP: 11/26 MP: 5/5
   279 | D:1      | Learned a level 2 spell: Blink
  1308 | D:1      | Reached skill level 3 in Long Blades
  1359 | D:1      | Reached XP level 3. HP: 30/33 MP: 6/6
  1692 | D:2      | Found a faded altar of an unknown god.
  2013 | D:2      | Reached XP level 4. HP: 40/40 MP: 7/7
  2209 | D:3      | Noticed Jeffwins's ghost (amateur HuWn)
  2209 | D:3      | Found a runed translucent gate.
  2209 | D:3      | Found a runed translucent gate.
  2209 | D:3      | Found a runed translucent gate.
  2213 | D:3      | Identified the +2 leather armour of Good Intentions {Str+4
                  | Dex+5}
  2227 | D:3      | Found a bloodstained altar of Trog.
  2264 | D:3      | Noticed Robin
  2402 | D:3      | Killed Robin
  2657 | D:3      | You fall into a shaft and drop 2 floors!
  2657 | D:5      | Entered Level 5 of the Dungeon
  2659 | D:5      | Noticed Menkaure
  2659 | D:5      | Noticed a lemure
  2659 | D:5      | Noticed a lemure
  2659 | D:5      | Noticed a lemure
  2662 | D:5      | Noticed Pikel
  2665 | D:5      | Noticed a lemure
  2665 | D:5      | Noticed a black bear
  2666 | D:5      | Noticed a phantom
  2679 | D:5      | Killed a lemure
  2679 | D:5      | Killed Menkaure
  2679 | D:5      | Killed a phantom
  2680 | D:5      | Reached skill level 5 in Long Blades
  2680 | D:5      | Reached XP level 5. HP: 19/50 MP: 8/8
  2680 | D:5      | Reached XP level 6. HP: 22/57 MP: 9/9
  2680 | D:5      | Killed by an exploding lemure... ignited by their inner
                  | flame

Illustrated notes

Levels and vault maps discovered:
D:1:      dpeg_arrival_connections, layout_basic
D:2:      layout_rooms, shapermc_ecumenical_altar_mp_ritualfount
D:3:      cheibrodos_helix_gallery, layout_loops_corners, amcnicky_altar_gilded,
          serial_co_window_serial, co_window_paths_b, co_window_corner_a,
          co_window_paths_a, co_window_paths_a, co_window_paths_b,
          co_window_paths_a, co_window_paths_b, co_window_corner_cb,
          co_window_2corner, co_window_unsneaky_path_a, glass_columns_a,
          biasface_ghost_orc_armoury, uniq_sigmund, uniq_robin, uniq_terence
D:5:      layout_rooms, nicolae_ossuary_entry_giza, uniq_menkaure, uniq_pikel

Skill      XL: |  1  2  3  4 |
---------------+-------------+-----
Long Blades    | 3 5 |  5.3
Fighting       | 4 |  4.0
Throwing       | |  0.8
Armour         | |  0.7
Dodging        | |  1.5
Spellcasting   | |  2.0
Translocations | |  3.0

Action                   |  1- 3 |  4- 6 || total
-------------------------+-------+-------++-------
Melee: Falchion          |    53 |       ||    53
       Dagger            |    53 |    32 ||    85
       Punch             |       |     1 ||     1
Throw: Boomerang         |       |     1 ||     1
 Cast: Blink             |       |     1 ||     1
 Abil: Spit Poison       |    13 |     5 ||    18
  Use: Scroll            |       |     4 ||     4
       Potion            |       |     1 ||     1
 Stab: Sleeping          |     1 |       ||     1
Armor: Leather armour    |    16 |    14 ||    30
Dodge: Dodged            |    45 |    21 ||    66

Table legend: (Time is in decaauts)
 A = Elapsed time spent in this place.
 B = Non-inter-level travel time spent in this place.
 C = Inter-level travel time spent in this place.
 D = Time resting spent in this place.
 E = Time spent auto-exploring this place.
 F = Levels seen in this place.
 G = Mean time per level.
                   A        B        C        D        E       F      G
               +--------+--------+--------+--------+--------+-----+--------+
         Total |   3174 |   3110 |     64 |    148 |   2489 |   4 |  793.5 |
       Dungeon |   3174 |   3110 |     64 |    148 |   2489 |   4 |  793.5 |
               +--------+--------+--------+--------+--------+-----+--------+

Top non-repeatable levels by time:
     D:1: 1853 daAuts
     D:2: 858 daAuts
     D:3: 433 daAuts
     D:5: 29 daAuts
